 Dungeon Crawl Stone Soup version 0.26-a0-1033-gd598b01645 (webtiles) character file.

Game seed: 15358340766833530761

617 robertstho the Ruffian (level 7, -2/102 HPs)
             Began as a Troll Berserker on Dec 10, 2020.
             Was a Priest of Trog.
             Slain by an orc
             ... wielding a +2 short sword of electrocution
              (10 damage)
             ... on level 5 of the Dungeon.
             The game lasted 00:04:00 (3121 turns).

robertstho the Ruffian (Troll Berserker)            Turns: 3121, Time: 00:04:01

Health: -2/102     AC:  6    Str: 26    XL:     7   Next: 21%
Magic:  6/6        EV: 10    Int:  5    God:    Trog [***...]
Gold:   268        SH:  0    Dex:  9    Spells: 6/6 levels left

rFire    . . .     SeeInvis .     - Unarmed
rCold    . . .     Faith    .   (no shield)
rNeg     . . .     Spirit   .   a - +0 animal skin
rPois    .         Reflect  .   (helmet restricted)
rElec    .         Harm     .   (no cloak)
rCorr    .         Rampage  .   (gloves unavailable)
Will     .....                  (boots unavailable)
Stlth    ..........             (no amulet)
HPRegen  0.67/turn              (no ring)
MPRegen  0.10/turn              (no ring)

@: berserking, very quick
A: large, unfitting armour, claws 3, regeneration 1, shaggy fur 1, tough skin 3
a: Berserk, Trog's Hand, Renounce Religion


You were on level 5 of the Dungeon.
You worshipped Trog.
Trog was most pleased with you.
You visited 1 branch of the dungeon, and saw 5 of its levels.

You collected 268 gold pieces.

Inventory:

Armour
 a - a +0 animal skin (worn)
Scrolls
 b - a scroll of identify
 f - 2 scrolls of immolation
 h - 2 scrolls of teleportation
 j - a scroll of random uselessness {unknown}
 m - a scroll of blinking {unknown}
 n - a scroll of fear {unknown}
Potions
 c - 4 potions of attraction
 d - 4 potions of invisibility
 e - a potion of heal wounds {unknown}
 g - a potion of ambrosia {unknown}
 k - a potion of resistance {unknown}
 l - 2 potions of flight {unknown}


   Skills:
 * Level 3.6 Fighting
 + Level 3.1 Dodging
 + Level 0.3 Stealth
 * Level 7.2 Unarmed Combat


You had 6 spell levels left.
You didn't know any spells.
Your spell library was empty.

Dungeon Overview and Level Annotations

Branches:
Dungeon (5/15)
 Temple: D:4-7

Altars:
Ru

Shops:
D:4 [(


Innate Abilities, Weirdness & Mutations

You are too large for most types of armour.
You have claws for hands.
Your natural rate of healing is unusually fast.
You are covered in fur. (AC +1)
You have extremely tough skin. (AC +3)


Message History

You feel yourself moving faster!
You feel mighty! Something hits you but does no damage.
The orc closely misses you. The orc hits you but does no damage.
You are electrocuted!
* * * LOW HITPOINT WARNING * * *
You closely miss something. Something hits you.
* * * LOW HITPOINT WARNING * * *
The orc hits you but does no damage.
The orc hits you with a +2 short sword of electrocution.
* * * LOW HITPOINT WARNING * * *
You miss something. You claw something. Something hits you but does no damage.
You mangle something!!
You feel the power of Trog in you as your rage grows.
Trog accepts your kill.
Trog appreciates your killing of a magic user.
Reactivating autopickup.
You feel a bit more experienced.
The orc hits you with a +2 short sword of electrocution.
* * * LOW HITPOINT WARNING * * *
You are electrocuted!
You die...

######.#### #..#
#######.## #...#
#..# ##########...#
##.# #........'...#
#.##
#.....####...####..#
#.....# #....)..#.#
#.)@..# #.....))#.#
#.o)o.# #.....(.#.#
#o....# #.......#..
.......# #.......##.
..#.....# #.......#
. ....#.....#
#.####### # ...
####### #. ## #


You could see 3 orcs.

Vanquished Creatures
  Sigmund (D:5)
  A scorpion (D:4)
  3 orc wizards
  A bullfrog skeleton (D:5)
  An iguana (D:4)
  Natasha (twice) (D:4)
  3 worker ants
  6 adders
  3 gnolls (D:5)
  A shadow imp (D:5)
  An ufetubus (D:5)
  An ooze (D:4)
  An adder skeleton (D:5)
  3 worms (D:2)
  3 leopard geckos
  10 orcs
  A giant cockroach (D:4)
  5 goblins
  12 hobgoblins
  2 jackals (D:2)
  3 quokkas
  A ball python (D:4)
  6 bats
  4 frilled lizards
  A jackal skeleton (D:4)
  4 kobolds
  A leopard gecko skeleton (D:4)
  5 rats
86 creatures vanquished.

Notes
Turn   | Place    | Note
-------+----------+-------------------------------------------
     0 | D:1      | robertstho the Troll Berserker began the quest for the Orb.
     0 | D:1      | Reached XP level 1. HP: 22/22 MP: 0/0
   111 | D:1      | Reached XP level 2. HP: 29/29 MP: 1/1
   624 | D:2      | Reached XP level 3. HP: 33/36 MP: 2/2
   642 | D:2      | Reached ** piety under Trog
   857 | D:2      | Reached skill level 4 in Unarmed Combat
   857 | D:2      | Reached XP level 4. HP: 45/45 MP: 3/3
  1267 | D:3      | Found a sacrificial altar of Ru.
  1935 | D:4      | Reached XP level 5. HP: 47/53 MP: 4/4
  2006 | D:4      | Reached skill level 5 in Unarmed Combat
  2109 | D:4      | Found Deutiv's Weapon Shoppe.
  2206 | D:4      | Noticed Natasha
  2210 | D:4      | Killed Natasha
  2219 | D:4      | Reached XP level 6. HP: 54/61 MP: 5/5
  2351 | D:4      | Found Usysk's Antique Armour Boutique.
  2444 | D:4      | Reached skill level 6 in Unarmed Combat
  2509 | D:4      | Noticed Natasha
  2516 | D:4      | Killed Natasha
  2645 | D:5      | Entered Level 5 of the Dungeon
  2645 | D:5      | Noticed Sigmund
  2665 | D:5      | Killed Sigmund
  2761 | D:5      | Reached XP level 7. HP: 67/67 MP: 6/6
  2835 | D:5      | Reached skill level 7 in Unarmed Combat
  2890 | D:5      | Reached *** piety under Trog
  3121 | D:5      | Slain by an orc

Illustrated notes

Levels and vault maps discovered:
D:1:      psy_arrival_spokes, layout_basic
D:2:      layout_loops_corners, minmay_between
D:3:      layout_loops_ring, nicolae_ru_great_annihilating_truth
D:4:      layout_gridville, serial_shops, nicolae_shop_overgrown_old_shop,
          kennysheep_little_box, minmay_misc_feat_doors, uniq_natasha
D:5:      layout_basic, uniq_sigmund

Skill      XL: |  1  2  3  4  5  6  7 |
---------------+----------------------+-----
Fighting       | 3 |  3.6
Unarmed Combat | 4 5 6 7 |  7.2
Dodging        | 3 |  3.1
Stealth        | |  0.3

Action                   |  1- 3 |  4- 6 |  7- 9 || total
-------------------------+-------+-------+-------++-------
Melee: Unarmed           |    87 |   118 |    46 ||   251
       Punch             |       |     3 |     2 ||     5
Invok: Berserk           |       |     1 |     2 ||     3
  Use: Scroll            |       |     6 |       ||     6
 Stab: Paralysed         |       |     1 |       ||     1
Armor: Animal skin       |    36 |    34 |    24 ||    94
Dodge: Dodged            |    35 |    61 |    28 ||   124

Table legend: (Time is in decaauts)
 A = Elapsed time spent in this place.
 B = Non-inter-level travel time spent in this place.
 C = Inter-level travel time spent in this place.
 D = Time resting spent in this place.
 E = Time spent auto-exploring this place.
 F = Levels seen in this place.
 G = Mean time per level.
                   A        B        C        D        E       F      G
               +--------+--------+--------+--------+--------+-----+--------+
         Total |   3107 |   3017 |     90 |      0 |   2549 |   5 |  621.4 |
       Dungeon |   3107 |   3017 |     90 |      0 |   2549 |   5 |  621.4 |
               +--------+--------+--------+--------+--------+-----+--------+

Top non-repeatable levels by time:
     D:4: 802 daAuts
     D:2: 772 daAuts
     D:3: 601 daAuts
     D:5: 478 daAuts
     D:1: 453 daAuts
